AoeStats
← Jota

Arabia

510866839Analyzed
3v3 RM · 9h ago on Oct 2, 2026· 46m 41s· 6 players
Game mode
Random Map
Map size
Normal (6 player)
Population
200
Speed
Normal
Resources
Standard
Victory
Conquest
Starting age
Dark Age
Ending age
Imperial Age
RankedLock teamsTeams togetherTeam positionsShared explorationLock speedFull tech treeHidden civsTurbo modeCheats
Victory
Defeat
🇬🇧 Franks · United Kingdom
1201
+11
🇬🇧 Mongols · United Kingdom
1198
+11
🇨🇴 Gurjaras · Colombia
1194
+12
🇵🇪 Inca · Peru
1119
-12
🇨🇦 Persians · Canada
1093
-11
🇺🇸 Shu · United States
1075
-11
FredproQc69
0:29 Loom
10:32 Feudal Age
23:19 Castle Age
22:45 Scale Barding Armor
22:26 Horse Collar
22:53 Gold Mining
23:42 Double-Bit Axe
26:55 Husbandry
30:29 Wheelbarrow
32:21 Forging
32:32 Chain Barding Armor
32:42 Pikeman
33:23 Squires
34:32 Fletching
35:03 Stone Mining
36:37 Elite Skirmisher
38:54 Bodkin Arrow
44:06 Ballistics
43:50 Padded Archer Armor
45:31 Thumb Ring
45:32 Scale Mail Armor
46:08 Iron Casting
46:41 Leather Archer Armor
Héc'Arak
7:02 Loom
10:06 Feudal Age
10:32 Double-Bit Axe
10:29 Horse Collar
12:08 Arson
11:56 Champi Runner
16:22 Forging
18:31 Scale Mail Armor
23:42 Castle Age
23:53 Champi Warrior
24:34 Squires
25:22 Wheelbarrow
24:55 Heavy Plow
25:08 Bow Saw
25:09 Pikeman
29:02 Iron Casting
28:43 Chain Mail Armor
29:20 Bow Saw
29:42 Town Watch
32:10 Gold Mining
Jersey_TitanX
2:14 Loom
10:43 Feudal Age
11:14 Double-Bit Axe
16:33 Padded Archer Armor
16:38 Horse Collar
17:57 Fletching
22:22 Castle Age
20:53 Gold Mining
22:43 Crossbowman
28:13 Town Watch
biodegradable plastic
12:22 Feudal Age
12:59 Double-Bit Axe
18:45 Castle Age
19:44 Forging
20:58 Bow Saw
21:19 Husbandry
26:14 Wheelbarrow
27:46 Hand Cart
27:44 Loom
28:34 Gold Mining
29:37 Iron Casting
29:53 Gold Shaft Mining
32:52 Stone Mining
33:29 Scale Barding Armor
36:19 Imperial Age
36:55 Chain Barding Armor
36:20 Cavalier
38:09 Blast Furnace
38:00 Paladin
40:21 Plate Barding Armor
42:55 Conscription
The Laughing Storm
9:03 Feudal Age
9:40 Double-Bit Axe
10:36 Loom
14:47 Scale Barding Armor
22:16 Castle Age
23:02 Stone Mining
23:03 Gold Mining
27:13 Stone Shaft Mining
27:17 Gold Shaft Mining
28:27 Bow Saw
30:08 Bloodlines
31:11 Fletching
32:05 Bodkin Arrow
37:30 Wheelbarrow
37:32 Ballistics
38:06 Husbandry
39:30 Hand Cart
42:47 Horse Collar
46:07 Imperial Age
46:13 Capped Ram
47:18 Drill
Jota
4:54 Loom
12:12 Feudal Age
13:30 Double-Bit Axe
15:43 Forging
27:54 Wheelbarrow
30:49 Castle Age
29:13 Gold Mining
29:05 Horse Collar
30:00 Bloodlines
30:06 Scale Barding Armor
36:35 Fletching
37:21 Bodkin Arrow
37:38 Padded Archer Armor
37:54 Thumb Ring
44:10 Leather Archer Armor
Connection lost

Rejoining the realm…

Still unreachable

The connection could not be restored.

Session expired

The server has moved on; the page needs a fresh start.